 Dungeon Crawl Stone Soup version 0.28.0-53-g5a82cb258f (webtiles) character file.

Game seed: 9408428954731448623

136074 ThaPlane the Warrior (level 16, -16/162 HPs)
             Began as a Minotaur Monk on Aug 18, 2022.
             Was a Priest of Uskayaw.
             Demolished by an ettin simulacrum (17 damage)
             ... in an ice cave on Aug 25, 2022.
             The game lasted 03:08:32 (32083 turns).

ThaPlane the Warrior (Minotaur Monk)               Turns: 32083, Time: 03:08:33

Health: -16/162    AC: 27    Str: 25    XL:     16   Next: 65%
Magic:  0/17       EV:  9    Int: 10    God:    Uskayaw [***...]
Gold:   3398       SH:  0    Dex: 19    Spells: 15/15 levels left

rFire   . . .      SeeInvis .   f - +8 triple sword "Oskor" {holy, rElec rF+ rN+}
rCold   + . .      Faith    .   (shield currently unavailable)
rNeg    + + .      Spirit   +   x - +2 plate armour {Will+}
rPois   .          Reflect  .   q - +2 hat {Int+3}
rElec   +          Harm     .   t - +0 cloak
rCorr   .          Rampage  .   L - +2 pair of gloves {Dex+3}
Will    +++..      Clarity  +   w - +0 pair of boots
Stlth   ..........              c - amulet of guardian spirit
HPRegen 0.37/turn               b - ring of willpower
MPRegen 0.15/turn               F - ring of Isuin {Ice rN+}

@: hasted, very quick
A: horns 2, retaliatory headbutt, agile 1, clarity, low MP 1, strong 1
a: Renounce Religion, Stomp, Line Pass


You were in an ice cave.
You worshipped Uskayaw.
Uskayaw was noncommittal.
You visited 5 branches of the dungeon, and saw 26 of its levels.
You also visited: Sewer and Ice Cave.

You collected 3848 gold pieces.
You spent 450 gold pieces at shops.

Inventory:

Hand Weapons
 f - the +8 triple sword "Oskor" (weapon) {holy, rElec rF+ rN+}
   (You bought it in a shop on level 2 of the Orcish Mines)

   It has been blessed by the Shining One to cause great damage to the undead
   and demons.
   rF:        It protects you from fire.
   rElec:     It insulates you from electricity.
   rN:        It protects you from negative energy.
 s - a +2 mace of draining
 v - a +4 scimitar of freezing
Missiles
 d - 3 throwing nets
 i - 15 boomerangs (quivered)
Armour
 q - a +2 hat of intelligence (worn)
 t - a +0 cloak (worn)
 w - a +0 pair of boots (worn)
 x - a +2 plate armour of willpower (worn)
 L - a +2 pair of gloves of dexterity (worn)
Jewellery
 b - a ring of willpower (left hand)
 c - an amulet of guardian spirit (around neck)
 y - a ring of protection from fire
 C - a ring of flight
 F - the ring of Isuin (right hand) {Ice rN+}
   (You found it on level 4 of the Dungeon)

   [ring of ice]

   It enhances your ice magic.
   rF:        It makes you vulnerable to fire.
   rC:        It protects you from cold.
   rN:        It protects you from negative energy.
 J - the ring "Fuexitsefo" {+Blink AC+4}
   (You found it on level 5 of the Lair of Beasts)

   [ring of protection]

   AC:        It affects your AC (+4).
   +Blink:    It lets you blink.
Wands
 j - a wand of polymorph (46)
 l - a wand of iceblast (12)
 p - a wand of digging (8)
 A - a wand of flame (24)
 B - a wand of charming (5)
 G - a wand of mindburst (6)
 H - a wand of paralysis (13)
 R - a wand of acid (4)
Scrolls
 e - 4 scrolls of teleportation
 g - 5 scrolls of magic mapping
 h - 3 scrolls of blinking
 m - 2 scrolls of amnesia
 o - 2 scrolls of fog
 E - 3 scrolls of fear
 K - 3 scrolls of identify
 M - a scroll of holy word
 O - 2 scrolls of enchant armour
 P - 2 scrolls of silence
Potions
 a - 2 potions of lignification
 k - 4 potions of cancellation
 r - 4 potions of haste
 u - 8 potions of curing
 z - 2 potions of berserk rage
 D - a potion of heal wounds
 I - a potion of invisibility
 N - a potion of resistance
 Q - a potion of might
Miscellaneous
 n - a box of beasts


   Skills:
 - Level 20.0 Fighting
 - Level 0.1(12.0) Short Blades
 - Level 19.9(20.0) Long Blades
 + Level 14.5 Armour
 - Level 3.2 Dodging
 - Level 1.5 Stealth
 - Level 11.5 Shields
 - Level 5.6 Invocations
 - Level 10.7 Evocations


You had 15 spell levels left.
You didn't know any spells.
Your spell library contained the following spells:

 Spells                   Type           Power      Damage    Failure   Level
 Freeze                   Ice            0%         1d3       96%         1
 Magic Dart               Conj           0%         1d3       96%         1
 Searing Ray              Conj           0%         2d4       99%         2
 Conjure Flame            Conj/Fire      0%         6-21      100%        3
 Frozen Ramparts          Ice            0%         1d2       100%        3
 Ignite Poison            Fire/Tmut/Pois 0%         N/A       100%        3
 Animate Armour           Summ/Erth      0%         N/A       100%        4
 Fulminant Prism          Conj/Hex       0%         3d6       100%        4
 Hailstorm                Conj/Ice       0%         3d3       100%        4
 Sticky Flame             Conj/Fire      0%         2d3       100%        4
 Blade Hands              Tmut           0%         N/A       100%        5
 Summon Forest            Summ/Tloc      0%         N/A       100%        5
 Conjure Ball Lightning   Conj/Air       0%         3x3d6     100%        6
 Eringya's Noxious Bog    Tmut/Pois      0%         N/A       100%        6
 Iron Shot                Conj/Erth      0%         9d1       100%        6
 Malign Gateway           Summ/Tloc      0%         N/A       100%        7
 Summon Hydra             Summ           0%         N/A       100%        7
 Discord                  Hex            0%         N/A       100%        8
 Disjunction              Tloc           0%         N/A       100%        8
 Summon Horrible Things   Summ           0%         N/A       100%        8


Dungeon Overview and Level Annotations

Branches:
Dungeon (15/15)            Temple (1/1) D:7            Lair (6/6) D:10
 Shoals (2/4) Lair:2        Snake (0/4) Lair:3        Slime (0/5) Lair:6
    Orc (2/2) D:10            Elf (0/3) Orc:2        Vaults (0/5) D:13
 Depths (0/4) D:15          Sewer (visited)           IceCv (1/1)

Altars:
Ashenzari
Cheibriados
Dithmenos
Elyvilon
Fedhas
Gozag
Hepliaklqana
Kikubaaqudgha
Makhleb
Nemelex Xobeh
Okawaru
Qazlal
Ru
Sif Muna
Trog
Uskayaw
Vehumet
Wu Jian
Xom
Yredelemnul
Zin
The Shining One
Beogh
Jiyva
Lugonu

Shops:
D:14 *   Orc:2 [*((

Portals:
Abyss: D:4

Annotations:
D:7 danger
D:10 skeletons
D:13 2 transporters, Eitelfritz's ghost, journeyman MiGl


Innate Abilities, Weirdness & Mutations

You have a pair of horns on your head.
You reflexively headbutt those who attack you in melee.
You are agile. (Dex +2)
You possess an exceptional clarity of mind.
Your magical capacity is low. (-10% MP)
Your muscles are strong. (Str +2)


Message History

* * * LOW HITPOINT WARNING * * *
The freezing wraith barely misses you.
You closely miss the Ice Fiend.
The Ice Fiend is severely wounded.
You slash the Ice Fiend!
The Ice Fiend convulses.
You headbutt the Ice Fiend, but do no damage.
The Ice Fiend is severely wounded.
The Ice Fiend claws you but does no damage. x2
The freezing wraith hits you but does no damage.
The freezing wraith hits you.
* * * LOW HITPOINT WARNING * * *
The freezing wraith drains your vigour!
You feel yourself slow down.
Uskayaw will force your foes to helplessly watch your dance.
Uskayaw prepares the audience for your solo!
Unknown command.
The helpless Ice Fiend fails to defend itself.
You carve the Ice Fiend like a ham!!!!
You kill the Ice Fiend!
You feel much better.
You barely miss the freezing wraith. You headbutt the freezing wraith.
The freezing wraith is lightly damaged.
The freezing wraith completely misses you.
The freezing wraith hits you but does no damage.
You slice the freezing wraith!!
The freezing wraith convulses!
You destroy the freezing wraith!
The ettin simulacrum hits you!
* * * LOW HITPOINT WARNING * * *
The ettin simulacrum freezes you! You resist.
* * * LOW HITPOINT WARNING * * *
The ettin simulacrum hits you!
* * * LOW HITPOINT WARNING * * *
The ettin simulacrum freezes you! You resist.
* * * LOW HITPOINT WARNING * * *
You hit the ettin simulacrum.
The ettin simulacrum convulses!
The ettin simulacrum is moderately damaged.
You feel yourself speed up. The ettin simulacrum hits you!
* * * LOW HITPOINT WARNING * * *
The ettin simulacrum freezes you! You resist.
You die...

#..# ##..⌠..#.## .###
##.....## ## ##...####
####...##
#######....###
###....#...###
...##....### ###
.######### ######Z##
...### ##[.[#@#.###
#....## #.....###W.#
##....######...##..###
###.....#####..##.WZ#
##.....####..###ZZ.#
###....#...## 4...# ≈≈
###....### ...## ≈≈
#..##### .### ≈≈ ≈..#.
.$


You could see an ettin simulacrum.

Vanquished Creatures
  Rupert (Lair:3)
  An Ice Fiend (IceCv)
  Polyphemus (Shoals:2)
  Ilsuiw (Shoals:2)
  2 orc warlords (Orc:2)
  Louise (D:15)
  4 boulder beetles
  9 hydras
  2 merfolk avatars (Shoals:2)
  3 centaur warriors
  4 catoblepae
  2 dancing weapons (D:13)
  A two-headed ogre (Orc:2)
  20 death yaks
  3 orc high priests (Orc:2)
  3 skeletal warriors (D:10)
  3 deep trolls
  A bog body (IceCv)
  5 sea snakes
  An obsidian statue (IceCv)
  3 lindwurms
  5 spriggan simulacra (IceCv)
  4 orc knights (Orc:2)
  A deep elf pyromancer (D:11)
  5 harpies (Shoals:1)
  10 manticores
  6 orc sorcerers
  3 cyclopes
  5 ugly things
  6 fauns
  3 water nymphs
  22 elephants (Lair:6)
  11 merfolk sirens
  4 black mambas
  2 torpor snails
  A gargoyle (D:7)
  3 rime drakes (Lair:4)
  12 cane toads
  4 freezing wraiths (IceCv)
  An unseen horror (D:12)
  4 ice devils (IceCv)
  8 entropy weaver simulacra (IceCv)
  15 komodo dragons
  3 anaconda simulacra (IceCv)
  6 merfolk (Shoals:2)
  3 polar bears
  2 wind drakes (Shoals:2)
  3 meliai (D:14)
  5 trolls
  2 hornets
  14 slime creatures
  A snapping turtle (Shoals:1)
  5 dream sheep
  10 blink frogs
  A meliai zombie (D:11)
  A jumping spider (shapeshifter) (D:15)
  A shadow (D:9)
  6 wyverns
  A dire elephant simulacrum (IceCv)
  86 yaks
  5 minotaur simulacra (IceCv)
  3 wraiths
  6 basilisks
  A water elemental (Shoals:1)
  3 wargs
  2 steam dragons
  6 vampire mosquitoes (D:11)
  An acid dragon (D:9)
  2 harpy simulacra (IceCv)
  A naga (D:11)
  18 water moccasins
  A hydra simulacrum (IceCv)
  A floating eye (shapeshifter) (D:13)
  26 orc warriors
  A swamp drake (D:10)
  3 ice beasts
  An alligator simulacrum (IceCv)
  3 black bears
  3 sky beasts
  3 necrophages
  59 wolves
  7 ogres
  A phantom (D:5)
  6 centaurs
  13 bullfrogs
  A kobold brigand (D:6)
  8 deep troll simulacra (IceCv)
  2 water moccasin zombies (D:6)
  A wyvern zombie (D:9)
  A gnoll sergeant (D:7)
  3 scorpions (D:5)
  A water moccasin skeleton (D:5)
  11 killer bees
  4 wights
  An electric eel (Lair:1)
  2 crimson imps
  2 bullfrog zombies
  3 hounds
  3 bullfrog skeletons
  6 centaur zombies
  3 jellies
  15 orc priests
  7 centaur skeletons
  2 iguanas (D:6)
  25 orc wizards
  A mummy (D:11)
  3 howler monkey zombies
  17 adders
  A howler monkey skeleton (D:6)
  3 river rats (Sewer)
  A white imp (D:5)
  An ufetubus (D:5)
  2 worms
  3 dart slugs (D:2)
  60 orcs
  12 bats
  7 endoplasms
  6 giant cockroaches
  4 hobgoblins
  7 jackals
  11 kobolds
  9 quokkas
  18 ball pythons
  6 frilled lizards
  4 goblins
  A goblin skeleton (D:7)
  A kobold zombie (D:7)
  2 orc skeletons (D:7)
  An orc zombie (D:7)
  25 rats
  A bush (Lair:6)
840 creatures vanquished.

Vanquished Creatures (collateral kills)
  Nessos (Orc:2)
  An orc knight (Orc:2)
  An orc sorcerer (Orc:2)
  An orc warrior (Orc:2)
  2 orc priests (Orc:2)
  2 orc wizards (Orc:2)
8 creatures vanquished.

Vanquished Creatures (others)
  A wyvern (D:9)
  38 fungi
  66 plants
  9 tentacles (Shoals:2)
  3 withered plants (D:11)
117 creatures vanquished.

Grand Total: 965 creatures vanquished

Notes
Turn   | Place    | Note
-------+----------+-------------------------------------------
     0 | D:1      | ThaPlane the Minotaur Monk began the quest for the Orb.
     0 | D:1      | Reached XP level 1. HP: 19/19 MP: 0/0
   250 | D:1      | Reached XP level 2. HP: 26/26 MP: 1/1
   560 | D:1      | Reached skill level 5 in Long Blades
   849 | D:2      | Reached XP level 3. HP: 30/31 MP: 2/2
  1089 | D:3      | Found a glowing drain.
  1109 | Sewer    | Entered a sewer
  1153 | Sewer    | Reached XP level 4. HP: 36/39 MP: 3/3
  1601 | Sewer    | Reached XP level 5. HP: 45/45 MP: 4/4
  1705 | Sewer    | Reached XP level 6. HP: 12/51 MP: 5/5
  2062 | D:3      | Found a blossoming altar of Fedhas.
  2125 | D:4      | Found a radiant altar of Vehumet.
  2216 | D:3      | Found a hide-covered altar of Uskayaw.
  2224 | D:3      | Became a worshipper of Uskayaw the Reveller
  2224 | D:3      | Reached * piety under Uskayaw
  2238 | D:2      | Reached ** piety under Uskayaw
  2713 | D:2      | Reached XP level 7. HP: 57/57 MP: 6/6
  2714 | D:2      | Reached skill level 11 in Fighting
  2714 | D:2      | Reached XP level 8. HP: 82/82 MP: 7/7
  2753 | D:3      | Found a stormy altar of Qazlal.
  2873 | D:3      | Found a faded altar of an unknown god.
  2958 | D:3      | Identified the +3 ring mail of Daisies {Dex+3}
  2961 | D:3      | Gained mutation: You are agile. (Dex +2) [potion of
                  | mutation]
  2961 | D:3      | Gained mutation: You possess an exceptional clarity of
                  | mind. [potion of mutation]
  2961 | D:3      | Gained mutation: Your magical capacity is low. (-10% MP)
                  | [potion of mutation]
  2961 | D:3      | Gained mutation: Your muscles are strong. (Str +2) [potion
                  | of mutation]
  3089 | D:4      | Found a large runed translucent door.
  3089 | D:4      | Found a large runed translucent door.
  3090 | D:4      | Found a corrupted altar of Lugonu.
  3118 | D:4      | Found a one-way gate to the infinite horrors of the Abyss.
  3658 | D:5      | Entered Level 5 of the Dungeon
  3704 | D:4      | Reached skill level 1 in Armour
  3873 | D:4      | Found a basalt altar of Yredelemnul.
  3955 | D:4      | Reached *** piety under Uskayaw
  4033 | D:4      | Identified the ring of Isuin {Ice rN+}
  4067 | D:5      | Found an ancient bone altar of Kikubaaqudgha.
  4453 | D:4      | Found a burning altar of Makhleb.
  4454 | D:4      | Found a shimmering altar of Xom.
  4461 | D:4      | Reached XP level 9. HP: 89/89 MP: 7/7
  4591 | D:5      | Reached **** piety under Uskayaw
  5296 | D:6      | Reached skill level 5 in Armour
  5348 | D:6      | Found an opulent altar of Gozag.
  5855 | D:7      | Found a staircase to the Ecumenical Temple.
  5864 | Temple   | Entered the Ecumenical Temple
  6185 | D:7      | Found a glowing golden altar of the Shining One.
  6264 | D:7      | Noticed a gargoyle
  6264 | D:7      | Noticed a purple ugly thing
  6264 | D:7      | Noticed a komodo dragon
  6264 | D:7      | Noticed a two-headed ogre
  6292 | D:7      | Killed a purple ugly thing
  6298 | D:7      | Reached XP level 10. HP: 67/96 MP: 8/8
  6659 | D:7      | Killed a gargoyle
  6672 | D:7      | Reached ***** piety under Uskayaw
  6695 | D:7      | Noticed a purple ugly thing
  7307 | D:8      | Found a sparkling altar of Nemelex Xobeh.
  7458 | D:7      | Noticed a purple ugly thing
  7467 | D:7      | Killed a purple ugly thing
  7922 | D:9      | Reached skill level 10 in Armour
  8104 | D:10     | Entered Level 10 of the Dungeon
  8192 | D:9      | Reached skill level 1 in Evocations
  8589 | D:10     | Reached XP level 11. HP: 75/102 MP: 8/8
  8590 | D:10     | Reached ****** piety under Uskayaw
  9197 | D:10     | Noticed a skeletal warrior
  9197 | D:10     | Noticed a skeletal warrior
  9197 | D:10     | Noticed a skeletal warrior
  9213 | D:10     | Killed a skeletal warrior
  9748 | D:11     | Reached skill level 5 in Evocations
  9918 | D:12     | Noticed a boulder beetle
 10066 | D:11     | Noticed Erolcha
 10070 | D:11     | Noticed Erolcha
 10070 | D:11     | Erolcha changed into Erolcha the naga
 10073 | D:11     | Killed Erolcha the naga
 10077 | D:11     | Noticed a deep elf pyromancer
 10089 | D:11     | Killed a deep elf pyromancer
 10806 | D:12     | Noticed a brown ugly thing
 10820 | D:12     | Killed a brown ugly thing
 11018 | D:12     | Noticed a red ugly thing
 11028 | D:12     | Killed a red ugly thing
 11183 | D:12     | Reached XP level 12. HP: 104/110 MP: 9/9
 11292 | D:12     | Noticed a two-headed ogre
 11294 | D:12     | a two-headed ogre changed into a sea snake
 11552 | D:10     | Reached skill level 10 in Evocations
 12073 | D:7      | Identified the +0 scale mail of Elurphymo {*Slow rElec
                  | Regen+}
 12187 | D:7      | Found an iron altar of Okawaru.
 12452 | D:7      | Noticed a two-headed ogre
 12458 | D:7      | a two-headed ogre changed into a deep troll
 12464 | D:7      | Reached skill level 1 in Invocations
 12761 | D:10     | Found a white marble altar of Elyvilon.
 13014 | D:10     | Found a staircase to the Lair.
 13150 | D:10     | Found a staircase to the Orcish Mines.
 13269 | Lair:1   | Entered Level 1 of the Lair of Beasts
 14128 | Lair:1   | Reached skill level 5 in Invocations
 14248 | Lair:1   | Identified a scroll of acquirement
 14249 | Lair:1   | Acquired 1093 gold pieces
 14364 | Lair:1   | Noticed a four-headed hydra
 14376 | Lair:1   | Killed a seven-headed hydra
 14473 | Lair:2   | Reached skill level 1 in Shields
 14480 | Lair:2   | Found a staircase to the Shoals.
 14532 | Lair:2   | Noticed a death yak
 14532 | Lair:2   | Noticed a death yak
 14532 | Lair:2   | Noticed a death yak
 14532 | Lair:2   | Noticed a death yak
 14533 | Lair:2   | Noticed a death yak
 14533 | Lair:2   | Noticed a death yak
 15017 | Lair:2   | Reached skill level 5 in Shields
 15017 | Lair:2   | Reached XP level 13. HP: 107/116 MP: 12/14
 15697 | Lair:2   | Reached skill level 10 in Shields
 16470 | Lair:3   | Found a staircase to the Snake Pit.
 16948 | Lair:3   | Reached skill level 12 in Fighting
 17215 | Lair:3   | Noticed Rupert
 17232 | Lair:3   | Killed Rupert
 17890 | Lair:4   | Reached skill level 13 in Fighting
 18341 | Lair:4   | Reached XP level 14. HP: 103/129 MP: 13/15
 18476 | Lair:4   | Reached skill level 14 in Fighting
 18957 | Lair:4   | Reached skill level 15 in Fighting
 19596 | Lair:6   | Entered Level 6 of the Lair of Beasts
 20260 | Lair:5   | Reached skill level 16 in Fighting
 20317 | Lair:5   | Identified the ring "Fuexitsefo" {+Blink AC+4}
 20699 | Lair:5   | Reached skill level 17 in Fighting
 21368 | Lair:6   | Reached skill level 18 in Fighting
 21576 | Lair:6   | Reached XP level 15. HP: 141/150 MP: 14/16
 21903 | Lair:6   | Reached skill level 19 in Fighting
 22273 | Lair:6   | Found a viscous altar of Jiyva.
 22336 | Lair:6   | Found a staircase to the Slime Pits.
 22850 | Orc:1    | Entered Level 1 of the Orcish Mines
 22930 | Orc:2    | Entered Level 2 of the Orcish Mines
 22930 | Orc:2    | Found a staircase to the Elven Halls.
 22944 | Orc:2    | Noticed an orc warlord
 23162 | Orc:1    | Reached skill level 20 in Fighting
 23481 | Orc:2    | Killed an orc warlord
 23636 | Orc:2    | Noticed an orc warlord
 23661 | Orc:2    | Killed an orc warlord
 24185 | Orc:2    | Noticed Nessos
 24194 | Orc:2    | Killed Nessos
 24837 | Orc:2    | Found Pangol's Antique Armour Emporium.
 24843 | Orc:2    | Found Tiuvoh's Antique Weapon Boutique.
 24865 | Orc:2    | Found Xeigyviv's Antique Weapon Boutique.
 24867 | Orc:2    | Found Oruestu's General Store.
 24910 | Orc:2    | Bought an encrusted triple sword for 450 gold pieces
 24910 | Orc:2    | Identified the +8 triple sword "Oskor" {holy, rElec rF+
                  | rN+} (You bought it in a shop on level 2 of the Orcish
                  | Mines)
 25254 | Shoals:1 | Entered Level 1 of the Shoals
 26058 | Shoals:1 | You are sucked into a shaft and drop 1 floor!
 26911 | Shoals:2 | Noticed Ilsuiw
 27375 | Shoals:2 | Killed Ilsuiw
 27387 | Shoals:2 | Reached XP level 16. HP: 86/162 MP: 10/17
 27751 | Shoals:2 | Noticed a kraken
 27980 | Shoals:2 | Noticed Polyphemus
 27991 | Shoals:2 | Killed Polyphemus
 29293 | D:13     | Found a gate to the Vaults.
 29566 | D:13     | Found a transporter.
 29592 | D:13     | Noticed Eitelfritz's ghost (journeyman MiGl)
 29593 | D:13     | Identified the +6 dire flail "Maclied" {protect, rPois}
 29597 | D:13     | Found a transporter.
 30584 | D:14     | Found Soifiyqua's Assorted Antiques.
 30890 | D:15     | Entered Level 15 of the Dungeon
 30921 | D:15     | Noticed Louise
 30950 | D:15     | Killed Louise
 31026 | D:15     | Found a frozen archway.
 31047 | IceCv    | Entered an ice cave
 31587 | IceCv    | Identified the +0 helmet of Untruth {rPois rN+ Str+4 Dex+4}
 32051 | IceCv    | Identified the +2 ice dragon scales "Tueryg Poafa" {Harm
                  | rElec rF- rC++ Str-4 Dex+6}
 32063 | IceCv    | Noticed an Ice Fiend
 32073 | IceCv    | Killed an Ice Fiend
 32083 | IceCv    | HP: 1/162 [ettin simulacrum (9)]
 32083 | IceCv    | Demolished by an ettin simulacrum

Illustrated notes

Levels and vault maps discovered:
D:1:      lemuel_arrival_funnel, layout_loops_ring, minmay_pentomino_q2
D:2:      layout_loops_ring
D:3:      layout_loops_corners, fedhas_altar_2, mainiacjoe_overflow_boulevard,
          lemuel_tele_altar, gup_sewer_entry_pipe,
          shapermc_ecumenical_altar_mp_ritualfount, kennysheep_generic_room_2
D:4:      due_chaos_kobolds, layout_basic, yredelemnul_altar_generic,
          mainiacjoe_overflow_cross_hatched,
          grunt_temple_overflow_champion_of_chaos
D:5:      layout_cave_pools, nicolae_kikubaaqudgha_miasma_corner,
          minmay_misc_feat_five, minmay_misc_feat_cross
D:6:      layout_cave_pools, lemuel_round_altar, grunt_tough_drop
D:7:      minmay_the_grid_octo_2x2 [minmay_the_grid_octo_horde,
          minmay_the_grid_octo_thin_diamonds, minmay_the_grid_octo_clover_2,
          minmay_the_grid_octo_prize_big_c], layout_loops_corners,
          mainiacjoe_overflow_chevrons, nicolae_tso_besieged_by_evil,
          temple_hall
D:8:      layout_loops_ring, lemuel_coloured_pillars_altar
D:9:      layout_roguey, billiards_dpeg
D:10:     layout_rooms, lemuel_doored_altar, erik_lair_dragon, david_orc_2
D:11:     layout_loops_ring, serial_undead, serial_undead_e, serial_undead_e,
          serial_undead_f, serial_undead_d, uniq_erolcha
D:12:     layout_roguey, st_stairs_8
D:13:     layout_basic, erik_vaults_1, gammafunk_ghost_smash
D:14:     layout_irregular_city, hellmonk_bongcloud_opening, grunt_livestock,
          nicolae_take_the_stairs, uniq_roxanne
D:15:     hangedman_depths_entry_civil_slaughter, layout_irregular_city,
          minmay_stone_trees_medium, portal_ice_cave_entry_pillars_three,
          nicolae_figureground_pulse, uniq_louise
Temple:   jpeg_temple_island
Lair:1:   layout_regular_city, lemuel_fruit_tree, serial_bayou_shore_a,
          grunt_megastairs_5
Lair:2:   beast_lair_carwin_large_4, layout_regular_city,
          elwin_shoals_entry_stream, small_statue_intersection,
          nzn_sisyphean_effort, grunt_megastairs_2, infiniplex_staircase_pool,
          serial_bayou_shore_b
Lair:3:   layout_gridlike, dummy_snake_entry, uniq_rupert
Lair:4:   layout_regular_city, minmay_shattered_shrine, lemuel_fruit_fields,
          serial_bayou_shore_b
Lair:5:   layout_hall_layers, serial_bayou_lagoon_a, nicolae_lair_lindhole
Lair:6:   evilmike_catoblepas_cave, layout_regular_city, slime_altar_1,
          st_stairs_4, grunt_forest_large_clearings
Shoals:1: layout_shoals, nicolae_shoals_flooded_hall
Shoals:2: layout_shoals, uniq_polyphemus, uniq_ilsuiw
Orc:1:    layout_caves, basic_altar
Orc:2:    st_orc_elflike, layout_diamond_mine, uniq_nessos
IceCv:    ice_cave_caverns_01

Skill      XL: |  1  2  3  4  5  6  7  8  9 10 11 12 13 14 15 16 |
---------------+-------------------------------------------------+-----
Long Blades    | 4 5 7 8 16 19 | 19.9
Fighting       | 11 13 18 20 | 20.0
Armour         | 3 6 10 14 | 14.5
Evocations     | 3 9 10 | 10.7
Invocations    | 5 |  5.6
Shields        | 5 11 | 11.5
Short Blades   | |  0.1
Dodging        | |  3.2
Stealth        | |  1.5

Action                   |  1- 3 |  4- 6 |  7- 9 | 10-12 | 13-15 | 16-18 || total
-------------------------+-------+-------+-------+-------+-------+-------++-------
Melee: Falchion          |    70 |       |       |       |       |       ||    70
       Headbutt          |    17 |    21 |    44 |   134 |   269 |    62 ||   547
       Long sword        |    47 |   137 |   240 |   267 |       |       ||   691
       Scimitar          |       |       |       |   332 |   929 |       ||  1261
       Mace              |       |       |       |       |    62 |     5 ||    67
       Triple sword      |       |       |       |       |    98 |   245 ||   343
Throw: Boomerang         |       |       |     4 |     6 |    62 |     4 ||    76
Invok: Stomp             |       |       |       |       |     3 |     2 ||     5
 Abil: Evoke Blink       |       |       |       |       |     1 |       ||     1
Evoke: Wand              |       |       |     7 |    11 |    31 |     5 ||    54
       Box of beasts     |       |       |       |       |     1 |       ||     1
  Use: Potion            |       |     4 |     2 |     2 |     3 |     3 ||    14
       Scroll            |       |     3 |     9 |    18 |     8 |     4 ||    42
 Stab: Sleeping          |     2 |       |       |       |       |       ||     2
       Paralysed         |       |       |     3 |    30 |    96 |    15 ||   144
       Distracted        |       |       |       |       |     1 |       ||     1
Armor: Robe              |     4 |       |       |       |       |       ||     4
       Ring mail         |    12 |       |       |       |       |       ||    12
       Plate armour      |    45 |   147 |   122 |   321 |   717 |   251 ||  1603
Dodge: Dodged            |    51 |    35 |    61 |   202 |   364 |   118 ||   831
Block: Buckler           |       |       |    26 |    79 |    48 |       ||   153
       Kite shield       |       |       |       |       |   497 |       ||   497
